 Dungeon Crawl Stone Soup version 0.18-a0-1778-gadce9fa (webtiles) character file.

37 saintsgambit the Twirler (level 3, -4/30 HPs)
             Began as a Minotaur Gladiator on Apr 16, 2016.
             Killed from afar by a dart slug (7 damage)
             ... with a slug dart
             ... on level 2 of the Dungeon.
             The game lasted 00:02:09 (685 turns).

saintsgambit the Twirler (Minotaur Gladiator)        Turns: 685, Time: 00:02:10

Health: -4/30      AC:  3    Str: 19    XL:     3   Next: 21%
Magic:  2/2        EV: 13    Int:  5    God:
Gold:   60         SH:  0    Dex: 11    Spells: 0 memorised, 2 levels left

rFire  . . .     SeeInvis .     a - +0 quarterstaff
rCold  . . .     Gourm    .     b - +0 leather armour
rNeg   . . .     Faith    .     (shield currently unavailable)
rPois  .         Spirit   .     c - +0 hat
rElec  .         Dismiss  .     (no cloak)
rCorr  .         Reflect  .     (no gloves)
SustAt .         Harm     .     (no boots)
MR     .....                    (no amulet)
Stlth  +.........               (no ring)
                                (no ring)

@: not resistant to hostile enchantments, very unstealthy
A: retaliatory headbutt, horns 2
a: no special abilities


You were on level 2 of the Dungeon.
You were not hungry.

You visited 1 branch of the dungeon, and saw 2 of its levels.

You collected 60 gold pieces.

Inventory:

Hand Weapons
 a - a +0 quarterstaff (weapon)
Missiles
 d - 3 throwing nets (quivered)
 e - 9 bolts of flame
 g - 28 poisoned needles
Armour
 b - a +0 leather armour (worn)
 c - a +0 hat (worn)
 l - a +0 leather armour
 m - a +0 ring mail
Jewellery
 h - an uncursed amulet of rage {unknown}
Potions
 i - a potion of curing {unknown}
 k - a potion of ambrosia {unknown}
Comestibles
 f - a bread ration
 j - a royal jelly


   Skills:
 + Level 2.4 Fighting
 + Level 4.5 Staves
 + Level 2.2 Throwing
 + Level 3.9 Dodging


You had 2 spell levels left.
You didn't know any spells.

Dungeon Overview and Level Annotations

Branches:
Dungeon (2/15)

Altars:
Ashenzari
Fedhas


Innate Abilities, Weirdness & Mutations

You reflexively headbutt those who attack you in melee.
You have a pair of horns on your head.


Message History

The slug dart misses you.
A goblin comes into view. It is wielding a club.
The goblin shouts!
The bat barely misses you. You furiously retaliate!
You headbutt the bat!
You kill the bat!
Found a whip.
You barely miss the hobgoblin. The hobgoblin hits you.
* * * LOW HITPOINT WARNING * * *
You barely miss the hobgoblin. The hobgoblin hits you.
* * * LOW HITPOINT WARNING * * *
You barely miss the hobgoblin. Your headbutt misses the hobgoblin.
The hobgoblin barely misses you.
You thump the hobgoblin!
You kill the hobgoblin!
You closely miss the goblin. Your headbutt misses the goblin.
The goblin misses you. You furiously retaliate!
You headbutt the goblin!
You kill the goblin!
The dart slug launches a dart at you. The slug dart hits you!
You die...

.#......# .)......##
.......... #........#
###.......# ...
#.........## ... .
..........# ... ...#...
#@#.##### #...
.......##)#.(.).# ....
#[..?..g..).#†######...#
##....†###.......g......
#...(.# #...P.P...<....
#.w...# ##..._.........
....$..# #..P.P.#......
#.#.....# ##.....#..>...
#..#.....#
..............


You could see a dart slug and a goblin.

Vanquished Creatures
  2 bats
  5 hobgoblins
  12 jackals
  2 kobolds
  3 giant newts (D:1)
  4 goblins
  2 rats (D:1)
30 creatures vanquished.

Notes
Turn   | Place    | Note
--------------------------------------------------------------
     0 | D:1      | saintsgambit the Minotaur Gladiator began the quest for the Orb.
     0 | D:1      | Reached XP level 1. HP: 18/18 MP: 0/0
   171 | D:1      | Reached skill level 4 in Staves
   312 | D:1      | Reached XP level 2. HP: 24/25 MP: 1/1
   313 | D:1      | Found a shattered altar of Ashenzari.
   630 | D:2      | Found a blossoming altar of Fedhas.
   649 | D:2      | Reached XP level 3. HP: 3/30 MP: 2/2
   685 | D:2      | Killed from afar by a dart slug

Vault maps used:
D:1:      kennysheep_arrival_seaside, hangedman_decor_points,
          evilmike_ruin_ashenzari
D:2:      fedhas_altar_1, gammafunk_temple_overflow_elements, first_bread,
          minmay_box_of_dots

Skill      XL: |  1 |
---------------+----+-----
Staves         | 4 |  4.5
Fighting       | |  2.4
Throwing       | |  2.2
Dodging        | |  3.9

Action                   || total
-------------------------++-------
Melee: Quarterstaff      ||    56
       Headbutt          ||     5
Throw: Throwing net      ||     2
 Stab: Held in net/web   ||     1
Armor: Leather armour    ||    14
Dodge: Dodged            ||    47
